 Dungeon Crawl Stone Soup version 0.17-a0-155-g14e20c2 (webtiles) character file.

62627 nono the Fighter (level 14, -1/118 HPs)
             Began as a Demonspawn Fighter on Mar 25, 2015.
             Was the Champion of Ashenzari.
             Slain by an orc warrior
             ... wielding a +1 long sword of electrocution
              (11 damage)
             ... on level 4 of the Orcish Mines.
             The game lasted 01:45:43 (29816 turns).

nono the Fighter (Demonspawn Fighter)              Turns: 29816, Time: 01:45:43

Health: -1/118     AC: 23    Str: 16    XL:     14   Next: 65%
Magic:  21/21      EV: 15    Int: 12    God:    Ashenzari [******]
Gold:   2256       SH: 15    Dex: 22    Spells: 0 memorised, 13 levels left

rFire  + + .     SeeInvis +     Y - +7 scimitar (curse)
rCold  . . .     Clarity  +     G - +10 ring mail of Nuajihuss {rPois Dex+2 Stlth-}
rNeg   + . .     SustAb   .     c - +1 shield (curse)
rPois  +         Gourm    .     (helmet restricted)
rElec  .         Spirit   .     q - +0 cloak
rCorr  .         Warding  +     (no gloves)
rMut   .         Stasis   .     (boots unavailable)
MR     +....                    g - amulet of warding
Stlth  ..........               N - ring of poison resistance (curse)
                                u - +4 ring of dexterity

@: very slightly contaminated, somewhat resistant to hostile enchantments,
extremely unstealthy
A: horns 1, talons 3, molten scales 3, berserk 1, demonic guardian 2, fire
resistance 1, low mp 1, placid magic 1
a: Scrying, Transfer Knowledge, Renounce Religion


You were on level 4 of the Orcish Mines.
You worshipped Ashenzari.
Ashenzari was exalted by your worship.
You were not hungry.

You visited 5 branches of the dungeon, and saw 26 of its levels.
You also visited: Ice Cave.

You collected 2326 gold pieces.
You spent 70 gold pieces at shops.

Inventory:

Hand weapons
 W - a +1 long sword of distortion
 Y - a cursed +7 scimitar (weapon)
Armour
 c - a cursed +1 shield (worn)
 p - a cursed +2 helmet
 q - a +0 cloak (worn)
 G - the +10 ring mail of Nuajihuss (worn) {rPois Dex+2 Stlth-}
   (You found it on level 9 of the Dungeon)

   It affects your dexterity (+2).
   It protects you from poison.
   It makes you less stealthy.
Jewellery
 e - an uncursed ring of protection from magic
 g - an amulet of warding (around neck)
 h - a +4 ring of dexterity
 u - a +4 ring of dexterity (left hand)
 J - an uncursed ring of ice
 M - an uncursed ring of invisibility
 N - a cursed ring of poison resistance (right hand)
 T - an uncursed ring of positive energy
Magical devices
 a - a wand of cold (0)
 b - a wand of heal wounds (7)
 x - a wand of slowing (16)
 H - a wand of magic darts (14)
 K - a wand of fireball (7)
 Q - a wand of flame (12)
 V - a wand of confusion (33)
Scrolls
 j - 10 scrolls of identify
 k - 4 scrolls of enchant armour
 o - a scroll of remove curse
 r - 2 scrolls of immolation
 t - 9 scrolls of teleportation
 w - 8 scrolls of enchant weapon
 B - 2 scrolls of fog
 C - a scroll of magic mapping
 D - 3 scrolls of recharging
 F - a scroll of curse weapon
 O - a scroll of blinking
 U - 4 scrolls of fear
 Z - 2 scrolls of curse jewellery
Potions
 i - 5 potions of agility
 l - 3 potions of restore abilities
 n - 9 potions of curing
 v - a potion of beneficial mutation
 z - a potion of might
 E - 2 potions of flight
 L - a potion of invisibility
 P - 2 potions of haste
 S - a potion of berserk rage
Comestibles
 d - 15 bread rations
 f - 14 meat rations
 m - 3 beef jerkies
 s - 31 fruits
 A - 6 slices of pizza
 I - a chunk of flesh
 X - 4 royal jellies


   Skills:
 - Level 13.3 Fighting
 - Level 10.9(15.1) Long Blades
   Level 1.7 Axes
 - Level 11.4 Armour
 + Level 6.2 Dodging
 - Level 11.4(14.1) Shields
 - Level 7.0 Evocations


You had 13 spell levels left.
You didn't know any spells.

Dungeon Overview and Level Annotations

Branches:
Dungeon (12/15)            Temple (1/1) D:5            Lair (8/8) D:8
 Shoals (0/5) Lair:6       Spider (1/5) Lair:6        Slime (0/6) Lair:8
    Orc (4/4) D:12
    Elf: Orc:3-4

Altars:
Ashenzari
Cheibriados
Dithmenos
Elyvilon
Fedhas
Gozag
Kikubaaqudgha
Makhleb
Nemelex Xobeh
Okawaru
Qazlal
Ru
Sif Muna
Trog
Vehumet
Xom
Yredelemnul
Zin
The Shining One
Beogh
Jiyva

Shops:
D:9 !   Orc:2 %(**:   Orc:4 %%


Innate Abilities, Weirdness & Mutations

You have claws for feet.
You are completely covered in molten scales (AC +4, EV -1, rF+).
A demonic guardian rushes to your aid.
Your flesh is heat resistant.
You have a pair of small horns on your head.
You tend to lose your temper in combat.
Your magical capacity is low (-10% MP).
Your spells are a little easier to cast, but a little less powerful.


Message History

The orc priest shouts!
You see here a +2 vampiric short sword.
Items here: ))))) [[[ ÷÷
Items here: )) [[ ÷ a +0 mace; an uncursed leather armour; a +0 broad axe; an uncursed chain mail an orc skeleton
Items here: )))) [[ ÷ †
Items here: )))) [[[ † The orc priest calls down the wrath of Beogh upon you.
Something smites you!
* * * LOW HITPOINT WARNING * * *
Items here: )) [ ÷ a +0 whip; a +0 hand axe; an uncursed chain mail; an orc skeleton
There is a stone staircase leading up here.
The orc priest mumbles some strange prayers to Beogh against you.
Something smites you!
* * * LOW HITPOINT WARNING * * *
The orc warrior hits you but does no damage.
You are electrocuted!
You die...

,,,, ,, * * #...#...... ,,
,..#*∆* #.#....... ,....
#........ ,,..#.. * ### ##...))..
,,......### ##.######....))##
....#.#..## *......#.#.....##
...#(#..... ###..............#
.....(....######.#.#...#.#.......
.....<...(#(#)#[@o....#..........
.............(((.[o..#o....#.....
.............)##..#....o.#))...#.
......)(..#...##.#.#......)).####
..............#...........#)..#
........[..........#..(..###.)##
..............#..######.##*##{.##
.......##..#...### ###*,###..#
.......#........## * ..###..


You could see 2 orc warriors and 2 orc priests.

Vanquished Creatures
  An ice dragon (Lair:8)
  5 hydras
  Nessos (D:12)
  4 death yaks
  Nergalle (Orc:2)
  A fire crab (Lair:8)
  An ice statue (IceCv)
  An unseen horror (D:12)
  2 orc knights
  2 lindwurms (Lair:8)
  A hill giant (D:10)
  An orc sorcerer (Orc:3)
  A manticore (Lair:6)
  2 griffons
  A cyclops (Orc:3)
  5 black mambas
  2 gargoyles
  A queen ant (Lair:5)
  6 torpor snails
  18 spiny frogs
  5 fire drakes
  An orange demon (Orc:4)
  9 komodo dragons
  2 spriggan druids (Lair:6)
  A troll (D:11)
  The ghost of karlm the Shield-Bearer, an average FoFi (D:4)
  2 giant leeches (Lair:8)
  11 blink frogs
  A boulder beetle (Lair:8)
  A shadow (D:12)
  4 trapdoor spiders (Lair:6)
  A basilisk (Lair:8)
  3 wyverns
  25 yaks
  2 deep elf magi
  2 humans (D:9)
  8 spriggans
  A steam dragon (D:11)
  7 hippogriffs
  A hungry ghost (D:8)
  A warg (Orc:2)
  A mottled dragon (D:12)
  3 wolves (Lair:8)
  22 orc warriors
  17 water moccasins
  22 ice beasts
  4 sky beasts
  2 phantoms
  9 porcupines
  5 soldier ants (Lair:5)
  2 black bears
  6 ogres
  5 wasps
  2 boring beetles
  2 necrophages (D:10)
  3 centaurs
  Sigmund (D:4)
  10 crocodiles
  3 big kobolds
  4 brain worms (Lair:8)
  20 giant frogs
  3 scorpions
  5 killer bees (D:12)
  8 wights
  A goliath beetle (D:8)
  9 crimson imps
  2 giant frog zombies
  23 orc priests
  3 centaur zombies
  3 centaur skeletons
  5 hounds
  7 jellies
  12 iguanas
  22 orc wizards
  7 hell rats (Lair:4)
  14 worker ants
  19 sheep
  Ijyb (D:3)
  A crocodile zombie (D:9)
  A hound skeleton (D:10)
  2 worker ant zombies
  4 gnolls (D:7)
  28 river rats
  27 adders
  4 shadow imps
  2 giant mites
  23 worms
  2 adder zombies (D:5)
  6 giant geckos
  4 oozes
  138 orcs
  2 bat skeletons
  5 giant cockroaches
  18 hobgoblins
  4 jackals
  27 kobolds
  2 ball pythons
  17 bats
  16 giant newts
  3 giant spores
  14 goblins
  17 quokkas
  9 rats
  23 ballistomycetes
  A fungus (Lair:4)
  2 plants (Lair:8)
835 creatures vanquished.

Vanquished Creatures (collateral kills)
  4 hydras
  4 death yaks
  An ice statue (IceCv)
  A black mamba (Lair:8)
  A torpor snail (Lair:8)
  2 spiny frogs
  A fire drake (Lair:6)
  3 komodo dragons
  A spriggan druid (Lair:6)
  2 trolls
  A spectral orc (Orc:2)
  A giant leech (Lair:8)
  A boulder beetle (Lair:8)
  4 blink frogs
  2 hippogriffs
  11 yaks
  6 spriggans (Lair:6)
  Eustachio (D:6)
  A wyvern (D:8)
  Edmund (D:6)
  7 ice beasts
  3 wasps
  2 water moccasins (Lair:8)
  An ogre (D:7)
  4 crocodiles
  An orc warrior (D:9)
  A boring beetle (Lair:8)
  A scorpion (D:8)
  4 killer bees (D:9)
  A centaur zombie (D:7)
  2 hounds
  4 orc wizards
  A worker ant (D:12)
  6 sheep
  3 adders
  2 river rats (Lair:2)
  A worm (Lair:8)
  15 orcs
  A bat (D:9)
  A kobold (D:3)
  A rat (D:6)
  A plant (Lair:7)
112 creatures vanquished.

Vanquished Creatures (others)
  10 soul eaters
  15 ice devils
  8 sun demons
  19 sixfirhies
  16 smoke demons
  A blink frog (Lair:8)
  A water moccasin (Lair:8)
  A crocodile (Lair:8)
  A quasit (D:4)
  A crimson imp (D:3)
  An iron imp (D:4)
  A white imp (D:5)
  An ufetubus (D:4)
  3 giant spores
  5 plants
84 creatures vanquished.

Grand Total: 1031 creatures vanquished

Notes
Turn   | Place    | Note
--------------------------------------------------------------
     0 | D:1      | nono, the Demonspawn Fighter, began the quest for the Orb.
     0 | D:1      | Reached XP level 1. HP: 18/18 MP: 1/1
   176 | D:1      | Gained mutation: You are partially covered in molten scales (AC +1). [demonic ancestry]
   176 | D:1      | Reached XP level 2. HP: 21/24 MP: 2/2
   613 | D:2      | Reached skill level 4 in Fighting
   660 | D:2      | Gained mutation: A weak demonic guardian rushes to your aid. [demonic ancestry]
   660 | D:2      | Reached XP level 3. HP: 18/30 MP: 3/3
  1022 | D:2      | Found a sacrificial altar of Ru.
  1056 | D:2      | Reached XP level 4. HP: 36/38 MP: 4/4
  1072 | D:2      | Reached skill level 5 in Fighting
  1192 | D:3      | Found a bloodstained altar of Trog.
  1336 | D:3      | Noticed Ijyb
  1364 | D:3      | Killed Ijyb
  1714 | D:3      | Reached skill level 6 in Fighting
  1714 | D:3      | Gained mutation: You have sharp toenails. [demonic ancestry]
  1714 | D:3      | Reached XP level 5. HP: 5/46 MP: 5/5
  2155 | D:3      | Found a radiant altar of Vehumet.
  2155 | D:3      | Found a shadowy altar of Dithmenos.
  2205 | D:4      | Noticed Sigmund
  2212 | D:4      | Killed Sigmund
  2214 | D:4      | Reached XP level 6. HP: 49/53 MP: 6/6
  2329 | D:4      | Reached skill level 7 in Fighting
  2872 | D:4      | Noticed karlm's ghost (average FoFi)
  2884 | D:4      | Killed karlm's ghost
  3073 | D:5      | Entered Level 5 of the Dungeon
  3204 | D:5      | Reached skill level 8 in Fighting
  3213 | D:5      | Found a staircase to the Ecumenical Temple.
  3224 | D:5      | Gained mutation: A demonic guardian rushes to your aid. [demonic ancestry]
  3224 | D:5      | Reached XP level 7. HP: 62/62 MP: 7/7
  3259 | Temple   | Entered the Ecumenical Temple
  3267 | Temple   | Became a worshipper of Ashenzari the Shackled
  4507 | D:6      | Reached skill level 9 in Fighting
  4522 | D:6      | Noticed Eustachio
  4533 | D:6      | Killed Eustachio
  4687 | D:6      | Gained mutation: You are mostly covered in molten scales (AC +3, EV -1). [demonic ancestry]
  4687 | D:6      | Reached XP level 8. HP: 34/72 MP: 8/8
  5007 | D:6      | Noticed Edmund
  5018 | D:6      | Killed Edmund
  5018 | D:6      | Reached skill level 10 in Fighting
  5541 | D:7      | Found a stormy altar of Qazlal.
  7096 | D:8      | Reached skill level 5 in Armour
  7096 | D:8      | Reached skill level 5 in Shields
  7275 | D:8      | Found a glowing silver altar of Zin.
  7363 | D:8      | Gained mutation: Your flesh is heat resistant. [demonic ancestry]
  7363 | D:8      | Reached XP level 9. HP: 70/78 MP: 9/9
  7538 | D:8      | HP: 3/78 [goliath beetle (20)]
  7911 | D:8      | Acquired Ashenzari's first power
  8033 | D:8      | Gained mutation: Your spells are a little easier to cast, but a little less powerful. [mutagenic meat]
  8034 | D:8      | Gained mutation: You are dopey. (Int -2) [mutagenic meat]
  8035 | D:8      | Gained mutation: You have a pair of small horns on your head. [mutagenic meat]
  8245 | D:8      | Found a staircase to the Lair.
  8247 | D:8      | Noticed a komodo dragon
  8484 | Lair:1   | Entered Level 1 of the Lair of Beasts
  8564 | Lair:1   | Noticed a komodo dragon
  8585 | Lair:1   | Killed a komodo dragon
  8704 | Lair:1   | Noticed a komodo dragon
  8717 | Lair:1   | Killed a komodo dragon
  8848 | D:8      | Killed a komodo dragon
  8925 | D:8      | Gained mutation: Your magical capacity is low (-10% MP). [mutagenic meat]
  8926 | D:8      | Gained mutation: You tend to lose your temper in combat. [mutagenic meat]
  9007 | D:9      | Found Fuehaf's Distillery.
  9020 | D:9      | Bought a potion of heal wounds for 70 gold pieces
  9247 | D:9      | Gained mutation: You are completely covered in molten scales (AC +4, EV -1, rF+). [demonic ancestry]
  9247 | D:9      | Reached XP level 10. HP: 80/85 MP: 9/9
  9577 | D:9      | Reached skill level 1 in Long Blades
  9582 | D:9      | Found a shimmering altar of Xom.
  9596 | D:9      | Found a snail-covered altar of Cheibriados.
  9712 | D:9      | Found a deep blue altar of Sif Muna.
  9790 | D:9      | Identified the +10 ring mail of Nuajihuss {rPois Dex+2 Stlth-}
  9920 | D:9      | Found an iron altar of Okawaru.
 10322 | Lair:1   | Noticed a black mamba
 10333 | Lair:1   | Killed a black mamba
 10541 | Lair:1   | Noticed a komodo dragon
 10551 | Lair:1   | Killed a komodo dragon
 10551 | Lair:1   | Reached skill level 5 in Long Blades
 10723 | Lair:1   | Acquired Ashenzari's second power
 10907 | Lair:1   | Noticed a black mamba
 10914 | Lair:1   | Killed a black mamba
 11584 | Lair:2   | Identified the +1 robe "Zoqe Geli" {rN+ Regen+ Dex+3}
 11631 | Lair:2   | Noticed a six-headed hydra
 11642 | Lair:2   | Killed an eight-headed hydra
 11642 | Lair:2   | Reached XP level 11. HP: 78/91 MP: 9/9
 11706 | Lair:2   | Acquired Ashenzari's third power
 12015 | Lair:3   | Noticed a death yak
 12015 | Lair:3   | Noticed a death yak
 12015 | Lair:3   | Noticed a death yak
 12073 | Lair:3   | Found a frozen archway.
 12175 | IceCv    | Entered an ice cave
 12267 | IceCv    | Noticed an ice statue
 12267 | IceCv    | Noticed an ice statue
 12393 | IceCv    | Killed an ice statue
 12445 | IceCv    | Killed an ice statue
 12675 | IceCv    | Noticed an ice dragon
 12675 | IceCv    | Noticed an ice dragon
 13098 | Lair:3   | Killed a death yak
 13100 | Lair:3   | Killed a death yak
 13100 | Lair:3   | Reached skill level 11 in Fighting
 13102 | Lair:3   | Killed a death yak
 13290 | Lair:3   | Noticed an eight-headed hydra
 13295 | Lair:3   | Noticed a spriggan rider
 13309 | Lair:3   | Killed a nine-headed hydra
 13315 | Lair:3   | Killed a wasp
 13318 | Lair:3   | Killed a spriggan
 14399 | Lair:4   | Gained mutation: You have razor-sharp toenails. [demonic ancestry]
 14399 | Lair:4   | Reached XP level 12. HP: 61/100 MP: 10/10
 15112 | Lair:5   | Noticed a five-headed hydra
 15146 | Lair:5   | Killed a nine-headed hydra
 15316 | Lair:5   | Acquired Ashenzari's fourth power
 16572 | Lair:6   | Reached skill level 10 in Shields
 16588 | Lair:6   | Found a hole to the Spider Nest.
 16837 | Spider:1 | Entered Level 1 of the Spider Nest
 16930 | Lair:6   | Reached skill level 10 in Armour
 16959 | Lair:6   | Reached skill level 12 in Fighting
 17021 | Lair:6   | Reached skill level 1 in Evocations
 17372 | Lair:6   | Found a staircase to the Shoals.
 17777 | Lair:6   | Noticed an eight-headed hydra
 17805 | Lair:6   | Killed a ten-headed hydra
 18468 | Lair:7   | Reached XP level 13. HP: 100/108 MP: 16/16
 18532 | Lair:7   | Identified the +8 chain mail "Strauwafu" {rC+ rN+ Dex-5}
 18748 | Lair:7   | Identified Sif Muna's Grimoire of Unstable Necromancy (You found it on level 7 of the Lair of Beasts)
 19229 | Lair:7   | Identified the +0 spear of Egomania {freeze, Dex+4}
 19547 | Lair:8   | Entered Level 8 of the Lair of Beasts
 19589 | Lair:8   | Reached skill level 10 in Long Blades
 20281 | Lair:8   | Found a viscous altar of Jiyva.
 20281 | Lair:8   | Found a staircase to the Slime Pits.
 21016 | Lair:8   | Reached skill level 5 in Evocations
 22180 | Lair:8   | Found a runed door.
 22642 | Lair:8   | Reached skill level 13 in Fighting
 23243 | Lair:8   | Gained mutation: You have claws for feet. [demonic ancestry]
 23243 | Lair:8   | Reached XP level 14. HP: 110/118 MP: 20/20
 24548 | D:10     | Entered Level 10 of the Dungeon
 24818 | D:10     | Found a viscous altar of Jiyva.
 25530 | D:11     | Lost mutation: You are dopey. (Int -2) [mutagenic meat]
 26214 | D:11     | Reached skill level 1 in Dodging
 26477 | D:12     | Noticed Nessos
 26496 | D:12     | Killed Nessos
 26657 | D:12     | Found a staircase to the Orcish Mines.
 27009 | Orc:1    | Entered Level 1 of the Orcish Mines
 27097 | Orc:1    | Found a roughly hewn altar of Beogh.
 27501 | Orc:2    | Found Gucumuaheje's General Store.
 27551 | Orc:2    | Found Vypodej's Book Shop.
 27786 | Orc:2    | Found Wieleet's Food Shop.
 28811 | Orc:2    | Found Schonesau's Assorted Antiques.
 28819 | Orc:2    | Found a roughly hewn altar of Beogh.
 28856 | Orc:2    | Reached skill level 5 in Dodging
 28862 | Orc:2    | Noticed Nergalle
 28988 | Orc:2    | Killed Nergalle
 29025 | Orc:2    | Found Kuyqiy's Antique Weapon Boutique.
 29189 | Orc:4    | Entered Level 4 of the Orcish Mines
 29208 | Orc:4    | Paralysed by an orc sorcerer for 5 turns
 29572 | Orc:4    | Found Nuluum's Food Shoppe.
 29573 | Orc:4    | Found Enkei's Food Emporium.
 29816 | Orc:4    | Slain by an orc warrior

Action                   |  1- 3 |  4- 6 |  7- 9 | 10-12 | 13-15 || total
-------------------------+-------+-------+-------+-------+-------++-------
Melee: War axe           |   118 |   203 |   657 |    37 |       ||  1015
       Dagger            |       |       |    68 |       |       ||    68
       Scimitar          |       |       |       |   813 |  1406 ||  2219
Evoke: Wand              |       |       |     4 |    10 |    11 ||    25
  Use: Potion            |       |     1 |     1 |    10 |     6 ||    18
       Scroll            |       |     1 |     5 |    23 |     2 ||    31
 Stab: Distracted        |       |     1 |     2 |     2 |     2 ||     7
       Invisible         |       |       |       |     1 |     2 ||     3
       Fleeing           |       |       |       |       |     1 ||     1
  Eat: Chunk             |       |     8 |    28 |    27 |    37 ||   100
       Fruit             |       |       |     2 |     4 |     5 ||    11
